 Dungeon Crawl Stone Soup version 0.28-a0-1080-g05a166d0ed (webtiles) character file.

Game seed: 12472901216236377344

518 ytrimaz the Insei (level 7, 0/45 HPs)
             Began as an Octopode Transmuter on Dec 9, 2021.
             Slain by a gnoll (7 damage)
             ... on level 4 of the Dungeon.
             The game lasted 00:04:04 (4778 turns).

ytrimaz the Insei (Octopode Transmuter)             Turns: 4778, Time: 00:04:05

Health: 0/45       AC:  2    Str:  9    XL:     7   Next: 21%
Magic:  10/12      EV: 19    Int: 18    God:
Gold:   151        SH:  0    Dex: 17    Spells: 5/13 levels left

rFire   . . .      SeeInvis .     - Unarmed
rCold   . . .      Faith    .   (shield currently unavailable)
rNeg    . . .      Spirit   .   (helmet currently unavailable)
rPois   x          Reflect  .   (no amulet)
rElec   .          Harm     .   g - ring of wizardry
rCorr   .          Rampage  .   (no ring)
Will    .....                   (no ring)
Stlth   ++........              (no ring)
HPRegen 0.15/turn               (no ring)
MPRegen 0.13/turn               (no ring)
                                (no ring)
                                (no ring)

@: spider-form (expiring)
A: venomous fangs, almost no armour, (amphibious), 8 rings, tiny, (camouflage
1), (gelatinous body 1), (nimble swimmer 1), (tentacles)
a: End Transformation


You were on level 4 of the Dungeon.
You were a venomous arachnid creature.
You visited 1 branch of the dungeon, and saw 5 of its levels.

You collected 151 gold pieces.

Inventory:

Jewellery
 g - a ring of wizardry (left front leg)
Potions
 a - a potion of attraction
 b - 2 potions of haste
 c - a potion of invisibility {unknown}
 d - a potion of flight {unknown}
 e - a potion of heal wounds {unknown}
 f - a potion of lignification


   Skills:
 * Level 2.9 Fighting
 - Level 2.0 Dodging
 + Level 5.8 Unarmed Combat
 * Level 3.6 Spellcasting
 * Level 3.5 Transmutations


You had 5 spell levels left.
You knew the following spells:

 Your Spells              Type           Power      Damage    Failure   Level
a - Beastly Appendage     Tmut           32%        N/A       4%          1
b - Spider Form           Tmut/Pois      9%         N/A       19%         3
c - Ice Form              Ice/Tmut       9%         N/A       45%         4

Your spell library contained the following spells:

 Spells                   Type           Power      Damage    Failure   Level
 Wereblood                Tmut           16%        N/A       6%          2


Dungeon Overview and Level Annotations

Branches:
Dungeon (5/15)
 Temple: D:4-7

Altars:
Vehumet
Wu Jian


Innate Abilities, Weirdness & Mutations

You are a venomous arachnid creature.
You have poisonous fangs.
You are tiny and dextrous.
Your spellcasting is less reliable in this form.
Your armour is entirely melded.
You are incapable of wielding weapons or throwing items.
You cannot wear most types of armour.
((You are amphibious.))
You can wear up to eight rings at the same time.
((Your skin changes colour to match your surroundings (Stealth+).))
((Your rubbery body absorbs attacks. (AC +1, EV +1)))
((You are camouflaged near water. (Stealth+)))
((You have tentacles for arms and can constrict up to eight enemies at once.))


Message History

You bite the gnoll!
The gnoll is poisoned.
The gnoll is severely wounded.
The gnoll hits you with a +1 flail of holy wrath!
The gnoll hits you with a +0 club.
Unknown command.
The gnoll misses you. The gnoll barely misses you.
Your transformation has ended.
You kill the gnoll!
The gnoll closely misses you. The gnoll closely misses you.
The gnoll hits you with a +1 flail of holy wrath!
Casting: Spider Form (dangerous; 10% risk of failure)
Confirm with . or Enter, or press ? or * to list all spells.
You turn into a venomous arachnid creature.
The gnoll hits you with a +1 flail of holy wrath.
The gnoll misses you.
You hit the gnoll but do no damage.
The gnoll is poisoned.
The gnoll completely misses you.
Unknown command.
You barely miss the gnoll. The gnoll closely misses you.
Unknown command.
You hit the gnoll.
The gnoll is heavily wounded.
The gnoll misses you.
The gnoll hits you with a +1 flail of holy wrath.
* * * LOW HITPOINT WARNING * * *
Unknown command.
Unknown command.
The gnoll closely misses you.
Your transformation is almost over.
The gnoll barely misses you.
The gnoll hits you from afar with a +0 spear.
* * * LOW HITPOINT WARNING * * *
The gnoll completely misses you.
You kill the gnoll!
You feel your intelligence returning.
There is a stone staircase leading down, spattered with blood here.
The gnoll hits you from afar with a +0 spear!
You die...

######)...#.......#..##.#........
#............#..##.#........
#......##....#.......##.....
##.......#.......)..#.##...#[
##..........g#...#......##..#.
#............#g..#[.....##.##.
##.....#....)sgg..##.|.#.....#.
#..##.................##.....#.
###..###........s....##.#.....#..
#....###............###.#.....#.(
#.....##............# ..#........
#..#..#.............###..........
##.#..................#.......#..
###.........#.............#..##.
##..##...###............##.#..
######### #..#..(##.....#....
####..#####.....#.#


You could see a gnoll shaman, a scorpion and 3 gnolls.

Vanquished Creatures
  Grinder (D:3)
  An ogre (D:3)
  A scorpion (D:4)
  An orc priest (D:4)
  3 hound skeletons
  2 gnolls (D:4)
  2 dart slugs
  4 orcs
  4 endoplasms
  3 giant cockroaches
  9 goblins
  4 hobgoblins
  2 jackals (D:1)
  9 kobolds
  5 quokkas
  9 ball pythons
  3 bats
  4 frilled lizards
  14 rats
81 creatures vanquished.

Vanquished Creatures (others)
  A plant (D:3)
1 creature vanquished.

Grand Total: 82 creatures vanquished

Notes
Turn   | Place    | Note
-------+----------+-------------------------------------------
     0 | D:1      | ytrimaz the Octopode Transmuter began the quest for the
                  | Orb.
     0 | D:1      | Reached XP level 1. HP: 13/13 MP: 3/3
   400 | D:1      | Reached XP level 2. HP: 16/18 MP: 3/5
   850 | D:1      | Reached XP level 3. HP: 21/23 MP: 6/6
  1672 | D:2      | Learned a level 3 spell: Spider Form
  1716 | D:2      | Found a radiant altar of Vehumet.
  2113 | D:2      | Reached XP level 4. HP: 26/28 MP: 7/7
  2355 | D:3      | Found a faded altar of an unknown god.
  2624 | D:3      | Found an ornate altar of the Wu Jian Council.
  2625 | D:3      | Noticed an ogre
  2637 | D:3      | Killed an ogre
  2638 | D:3      | Reached skill level 4 in Unarmed Combat
  2638 | D:3      | Reached XP level 5. HP: 15/34 MP: 2/9
  2871 | D:3      | Noticed Grinder
  2880 | D:3      | Paralysed by Grinder for 7 turns
  2894 | D:3      | Killed Grinder
  2895 | D:3      | Reached skill level 5 in Unarmed Combat
  2895 | D:3      | Reached XP level 6. HP: 7/41 MP: 8/10
  3929 | D:5      | Entered Level 5 of the Dungeon
  3945 | D:5      | Reached XP level 7. HP: 38/45 MP: 12/12
  4710 | D:4      | Learned a level 4 spell: Ice Form
  4778 | D:4      | Slain by a gnoll

Illustrated notes

Levels and vault maps discovered:
D:1:      giann_bridges, layout_rooms, minivault_25, grunt_decor_junction,
          st_stairs_2, minmay_rat_gold_closets
D:2:      layout_rooms, basic_altar, kennysheep_boxes
D:3:      layout_loops_ring, mainiacjoe_overflow_boulevard,
          hellmonk_ecumenical_altar_lost_god, uniq_grinder
D:4:      layout_cave_pools, nicolae_ru_awakened_eye
D:5:      layout_rooms, minmay_temple_entry_wispy, gammafunk_ghost_arena

Skill      XL: |  1  2  3  4  5 |
---------------+----------------+-----
Fighting       | 2 |  2.9
Unarmed Combat | 4 5 |  5.8
Spellcasting   | 3 |  3.6
Transmutations | 3 |  3.5
Dodging        | |  2.0

Action                   |  1- 3 |  4- 6 |  7- 9 || total
-------------------------+-------+-------+-------++-------
Melee: Unarmed           |   113 |    52 |    26 ||   191
       Constrict         |    30 |     9 |     5 ||    44
       Tentacles         |    23 |     8 |     2 ||    33
       Kick              |     4 |     3 |       ||     7
       Punch             |     1 |     1 |       ||     2
 Cast: Beastly Appendage |     7 |     5 |     2 ||    14
       Spider Form       |       |     2 |     5 ||     7
  Use: Scroll            |     3 |     1 |     1 ||     5
       Potion            |       |     3 |       ||     3
 Stab: Sleeping          |     8 |     2 |       ||    10
Armor: Skin              |    12 |     3 |     1 ||    16
Dodge: Dodged            |    53 |    24 |    36 ||   113

Table legend: (Time is in decaauts)
 A = Elapsed time spent in this place.
 B = Non-inter-level travel time spent in this place.
 C = Inter-level travel time spent in this place.
 D = Time resting spent in this place.
 E = Time spent auto-exploring this place.
 F = Levels seen in this place.
 G = Mean time per level.
                   A        B        C        D        E       F      G
               +--------+--------+--------+--------+--------+-----+--------+
         Total |   4767 |   4629 |    138 |    739 |   3206 |   5 |  953.4 |
       Dungeon |   4767 |   4629 |    138 |    739 |   3206 |   5 |  953.4 |
               +--------+--------+--------+--------+--------+-----+--------+

Top non-repeatable levels by time:
     D:1: 1357 daAuts
     D:3: 1277 daAuts
     D:2: 978 daAuts
     D:4: 754 daAuts
     D:5: 398 daAuts
